AoeStats
← Ken

Arena

506417820Analyzed
1v1 RM · 18d ago on Sep 13, 2026· 44m 22s· 2 players
Game mode
Random Map
Map size
Tiny (2 player)
Population
200
Speed
Normal
Resources
Standard
Victory
Conquest
Starting age
Dark Age
Ending age
Imperial Age
RankedLock teamsTeams togetherTeam positionsShared explorationLock speedFull tech treeHidden civsTurbo modeCheats
Victory
Defeat
🇨🇳 Franks · China
961
+17
🇻🇳 Sicilians · Vietnam
977
-17
Ken
11:05 Feudal Age
15:38 Castle Age
13:57 Double-Bit Axe
17:31 Bow Saw
18:21 Loom
22:06 Wheelbarrow
25:23 Scale Barding Armor
25:08 Fletching
25:29 Forging
25:33 Husbandry
26:39 #83
30:32 Hand Cart
32:54 Chain Barding Armor
34:20 Iron Casting
33:46 Scale Mail Armor
35:25 Town Watch
37:43 Chain Mail Armor
37:24 Bodkin Arrow
37:30 Padded Archer Armor
41:08 Imperial Age
40:35 Ballistics
40:10 Murder Holes
40:53 Leather Archer Armor
40:56 Masonry
41:42 Stone Mining
41:43 Gold Mining
42:30 Plate Barding Armor
42:56 Blast Furnace
41:52 Cavalier
44:29 Plate Mail Armor
nguyenthanhsang.a750
0:28 Loom
11:45 Feudal Age
18:19 Castle Age
16:35 Double-Bit Axe
17:55 Horse Collar
19:32 Scale Mail Armor
22:57 Chain Mail Armor
24:24 Forging
24:55 Wheelbarrow
24:54 Gold Mining
26:54 Iron Casting
30:57 Gold Shaft Mining
30:15 Stone Mining
33:34 Hand Cart
35:04 Fletching
35:24 Heavy Plow
36:02 Stone Shaft Mining
41:14 Ballistics
43:02 Bodkin Arrow
42:44 Pikeman
Connection lost

Rejoining the realm…

Still unreachable

The connection could not be restored.

Session expired

The server has moved on; the page needs a fresh start.